 Dungeon Crawl Stone Soup version 0.31-a0-192-ga50d7bf3bb (webtiles) character file.

Game seed: 1366902561722478683

21 qw the Shooter (level 2, 0/16 HPs)
             Began as a Deep Elf Hunter on June 23, 2023.
             Slain by a hobgoblin (2 damage)
             ... on level 1 of the Dungeon.
             The game lasted 00:00:05 (206 turns).

qw the Shooter (Deep Elf Hunter)                     Turns: 206, Time: 00:00:06

Health: 0/16       AC:  3    Str:  8    XL:     2   Next: 65%
Magic:  4/4        EV: 12    Int: 13    God:
Gold:   32         SH:  0    Dex: 18    Spells: 1/1 levels left

rFire   . . .        a - +0 shortbow
rCold   . . .        (shield currently unavailable)
rNeg    . . .        c - +0 leather armour
rPois   .            (no helmet)
rElec   .            (no cloak)
rCorr   .            (no gloves)
SInv    .            (no boots)
Will    .....        (no amulet)
Stlth   ++           (no ring)
HPRegen 0.22/turn    (no ring)
MPRegen 0.09/turn

%: no passive effects
@: no status effects
A: no striking features
a: no special abilities


You were on level 1 of the Dungeon.
You visited 1 branch of the dungeon, and saw 1 of its levels.

You collected 32 gold pieces.


   Skills:
 - Level 1.5 Fighting
 + Level 6.4 Ranged Weapons
 - Level 2.4 Dodging
 - Level 1.2 Stealth


You had one spell level left.
You didn't know any spells.
Your spell library was empty.

Inventory:

Hand Weapons
 a - a +0 shortbow (weapon)
Armour
 c - a +0 leather armour (worn)
Scrolls
 b - a scroll of butterflies
 d - a scroll of identify {unknown}

Dungeon Overview and Level Annotations

Branches:
Dungeon (1/15)

Altars:


Message History

Enter note:
Found a hand axe.
Enter note: A kobold comes into view. It is wielding a +0 dagger.
Found a stone staircase leading down.
Enter note: You shoot an arrow.
The arrow hits the kobold!
You kill the kobold!
A bat comes into view.
Found a ring mail.
Enter note: You shoot an arrow.
The arrow hits the bat!
You kill the bat!
You hear a shout!
A hobgoblin comes into view.
You see here a +0 ring mail.
Enter note: You shoot an arrow.
The arrow hits the hobgoblin.
The hobgoblin is severely wounded.
The gnoll enters a dispersal trap!
The hobgoblin blinks!
You blink.
A gnoll comes into view. It is wielding a +0 whip.
The gnoll blinks!
Enter note: You shoot an arrow.
The gnoll shouts!
The arrow hits the gnoll.
The gnoll is lightly wounded.
You shoot an arrow. The arrow hits the gnoll!
The gnoll is almost dead.
The gnoll hits you with a +0 whip.
You shoot an arrow. The arrow closely misses the gnoll.
The gnoll hits you with a +0 whip.
You shoot an arrow. The arrow barely misses the gnoll.
The gnoll hits you with a +0 whip.
You shoot an arrow. The arrow hits the gnoll.
You kill the gnoll!
The hobgoblin closely misses you.
You shoot an arrow. The arrow closely misses the hobgoblin.
The hobgoblin hits you.
You die...

##########.................
#........##.).#
##.#####.....)# #[#
####...###.# #.#
######......# #.#
#...[...g.###
#.####...##.####
#.##........##
###########.##..@g...)>.
............##[.......##
##########..#......##.#
#....#.......#
#.##..^#.##### #.###.#...
#.# #.# .# #.# #.# ##
##########.##.#...


You could see a hobgoblin.

Vanquished Creatures
  A gnoll (D:1)
  A giant cockroach (D:1)
  2 goblins (D:1)
  4 jackals (D:1)
  A bat (D:1)
  A kobold (D:1)
  A rat (D:1)
11 creatures vanquished.

Notes
Turn   | Place    | Note
-------+----------+-------------------------------------------
     0 | D:1      | qw the Deep Elf Hunter began the quest for the Orb.
     0 | D:1      | Reached XP level 1. HP: 12/12 MP: 3/3
     0 | D:1      | 0 ||| qw: Version: 0.3-a-9-g12657ce
     0 | D:1      | 0 ||| qw: Game counter: 4550
     0 | D:1      | 0 ||| qw: Always use a shield: true
     0 | D:1      | 0 ||| qw: God list: Okawaru
     0 | D:1      | 0 ||| qw: Allow faded altars: false
     0 | D:1      | 0 ||| qw: Do Orc after D:15 true
     0 | D:1      | 0 ||| qw: Do second Lair branch before Depths: true
     0 | D:1      | 0 ||| qw: Lair rune preference: random
     0 | D:1      | 0 ||| qw: Plans: Normal
     0 | D:1      | 0 ||| PLANNING D:1-11
    59 | D:1      | Reached skill level 6 in Ranged Weapons
    59 | D:1      | Reached XP level 2. HP: 15/16 MP: 4/4
   204 | D:1      | HP: 1/16 [gnoll/+0 whip (6)]
   206 | D:1      | Slain by a hobgoblin

Levels and vault maps discovered:
D:1:      lightli_arrival_isolated_outpost, layout_loops_ring

Skill      XL: |  1 |
---------------+----+-----
Ranged Weapons | 6 |  6.4
Fighting       | |  1.5
Dodging        | |  2.4
Stealth        | |  1.2

Action                     || total
---------------------------++-------
   Fire: Shortbow          ||    30
  Dodge: Dodged            ||     5

Table legend:
 A = Non-vault XP
 B = Vault XP
 C = Vault XP percentage of total XP
 D = Non-vault monster count
 E = Vault monster count
 F = Vault count percentage of total count
                 A         B        C        D         E       F
            +---------+---------+-------+---------+---------+-------
      Total |      31 |       0 |   0.0 |      11 |       0 |   0.0
            +---------+---------+-------+---------+---------+-------
        D:1 |      31 |       0 |   0.0 |      11 |       0 |   0.0
            +---------+---------+-------+---------+---------+-------
